 Dungeon Crawl Stone Soup version 0.30-a0-394-g3e4acdb0ae (webtiles) character file.

Game seed: 2801981121055678870

1995 zishaf the Reanimator (level 9, -4/69 HPs)
             Began as a Human Necromancer on Dec 6, 2022.
             Slain by an orc warrior
             ... wielding a +0 war axe
              (16 damage)
             ... in a bailey.
             The game lasted 00:14:57 (6390 turns).

zishaf the Reanimator (Human Necromancer)           Turns: 6390, Time: 00:14:58

Health: -4/69      AC:  8    Str:  8    XL:     9   Next: 45%
Magic:  4/13       EV: 12    Int: 23    God:
Gold:   391        SH:  0    Dex: 13    Spells: 6/14 levels left

rFire   . . .      SeeInvis +    e - +0 short sword
rCold   . . .      Faith    .    (no shield)
rNeg    . . .      Spirit   .    a - +0 robe
rPois   +          Reflect  .    w - +2 helmet {SInv}
rElec   .          Harm     .    z - +0 cloak
rCorr   .          Rampage  .    (no gloves)
Will    .....                    v - +1 pair of boots
Stlth   ++........               u - amulet of magic regeneration
HPRegen 0.31/turn                f - ring of flight
MPRegen 0.53/turn                l - ring of poison resistance

@: brilliant, flying
A: clever 1
a: no special abilities


You were in a bailey.
You visited 1 branch of the dungeon, and saw 5 of its levels.
You also visited: Sewer and Bailey.

You collected 391 gold pieces.

Inventory:

Hand Weapons
 e - a +0 short sword (weapon)
 h - the +10 longbow of Jatyaguh {elec, Str+3 Int-2}
   (You acquired it in a bailey)

   Any ammunition fired from it occasionally discharges a powerful burst of
   electricity upon striking a foe.
   Str:       It affects your strength (+3).
   Int:       It affects your intelligence (-2).
Armour
 a - a +0 robe (worn)
 v - a +1 pair of boots (worn)
 w - a +2 helmet of see invisible (worn)
 z - a +0 cloak (worn)
Jewellery
 f - a ring of flight (left hand)
 i - a ring of fire
 l - a ring of poison resistance (right hand)
 u - an amulet of magic regeneration (around neck)
Wands
 t - a wand of iceblast (3)
Scrolls
 j - a scroll of amnesia
 k - 6 scrolls of teleportation
 m - a scroll of blinking
Potions
 b - 3 potions of magic
 c - a potion of resistance
 d - 8 potions of flight
 g - a potion of mutation
 n - 2 potions of ambrosia
 o - 2 potions of curing
 p - a potion of berserk rage
 x - a potion of lignification {unknown}


   Skills:
 + Level 6.1 Fighting
 - Level 2.0 Dodging
 - Level 2.0 Stealth
 - Level 3.0 Spellcasting
 * Level 9.6 Necromancy
 - Level 4.0 Evocations


You had 6 spell levels left.
You knew the following spells:

 Your Spells              Type           Power      Damage    Failure   Level
a - Necrotise             Necr           100%       1d9       1%          1
b - Vampiric Draining     Necr           64%        2d10      1%          3
A - Animate Dead          Necr           64%        N/A       2%          4

Your spell library contained the following spells:

 Spells                   Type           Power      Damage    Failure   Level
 Agony                    Necr           64%        N/A       6%          5
 Freeze                   Ice            20%        1d4       12%         1
 Shock                    Conj/Air       20%        1d4       12%         1
 Summon Small Mammal      Summ           20%        N/A       12%         1
 Call Canine Familiar     Summ           5%         N/A       34%         3
 Frozen Ramparts          Ice            10%        1d2       34%         3
 Hailstorm                Conj/Ice       5%         3d4       34%         3
 Summon Guardian Golem    Hex/Summ       5%         N/A       34%         3
 Swiftness                Air            5%         N/A       34%         3
 Airstrike                Air            2%         2d(1-17)  75%         4


Dungeon Overview and Level Annotations

Branches:
Dungeon (7/15)              Sewer (visited)          Bailey (1/1)
 Temple: D:4-7

Altars:
Gozag
Hepliaklqana
Zin


Innate Abilities, Weirdness & Mutations

Your mind is acute. (Int +4, Str/Dex -1)


Message History

Aiming: Vampiric Draining (safe; 1% risk of failure)
Press: ? - help, Shift-Dir - straight line, f/p - orc warlord
Aim: an orc warlord, wielding a +6 broad axe and wearing a +0 chain mail (heavily wounded)
You feel a surge of power!
You draw life force from the orc warlord!
You feel life coursing into your body.
The orc warlord hits you but does no damage.
Casting: Vampiric Draining (safe; 1% risk of failure)
Confirm with . or Enter, or press ? or * to list all spells.
Aiming: Vampiric Draining (safe; 1% risk of failure)
Press: ? - help, Shift-Dir - straight line, f/p - orc warlord
Aim: an orc warlord, wielding a +6 broad axe and wearing a +0 chain mail (heavily wounded)
You feel a surge of power!
You draw life force from the orc warlord.
You feel life coursing into your body.
The orc warlord hits you with a +6 broad axe.
* * * LOW HITPOINT WARNING * * *
Casting: Vampiric Draining (safe; 1% risk of failure)
Confirm with . or Enter, or press ? or * to list all spells.
Aiming: Vampiric Draining (safe; 1% risk of failure)
Press: ? - help, Shift-Dir - straight line, f/p - orc warlord
Aim: an orc warlord, wielding a +6 broad axe and wearing a +0 chain mail (heavily wounded)
You feel a surge of power!
You draw life force from the orc warlord!
You feel life coursing into your body!
The orc warlord hits you with a +6 broad axe!!
* * * LOW HITPOINT WARNING * * *
Casting: Vampiric Draining (safe; 1% risk of failure)
Confirm with . or Enter, or press ? or * to list all spells.
Aiming: Vampiric Draining (safe; 1% risk of failure)
Press: ? - help, Shift-Dir - straight line, f/p - orc warlord
Aim: an orc warlord, wielding a +6 broad axe and wearing a +0 chain mail (severely wounded)
You feel a surge of power!
You draw life force from the orc warlord!
You feel life coursing into your body!
The orc warrior no longer looks unusually strong.
The orc warlord hits you with a +6 broad axe.
* * * LOW HITPOINT WARNING * * *
The orc warrior hits you with a +0 war axe!
You die...

.⌠.....#.....⌠.....#
.......#...........#
.......#.....o.....#
......###.........###
....###
###.....#'#.### #.###
###.###.....### ###
###........!## .#
.##8........!.# .#
...#8o@.......?# .#
.).)'.o...⌠....∩# .#
.)..#8..)......!# .#
... #8.........!# ###
. ###........?##
#.### ###.###.....###
....###
###.....#)#.###
......###......)).###
.......#...........#


You could see an orc warlord and an orc warrior.

Vanquished Creatures
  11 orc warriors (Bailey)
  A centaur (D:7)
  A bullfrog (D:4)
  2 scorpions (D:4)
  3 wights (D:7)
  An orc priest (D:4)
  A hound (D:4)
  Crazy Yiuf (D:3)
  Natasha (thrice) (D:3)
  A merfolk siren (Sewer)
  A merfolk avatar (Sewer)
  8 gnolls
  7 adders
  4 river rats
  An ufetubus (D:7)
  3 worms (D:3)
  A dart slug (D:1)
  17 orcs
  8 bats
  5 endoplasms
  2 giant cockroaches (D:1)
  8 goblins
  15 hobgoblins
  2 jackals (D:4)
  4 kobolds
  9 quokkas
  12 ball pythons
  6 frilled lizards
  19 rats
  A spectral hobgoblin (D:7)
158 creatures vanquished.

Vanquished Creatures (collateral kills)
  A gnoll (D:4)
  An adder (D:3)
  A rat (Sewer)
3 creatures vanquished.

Vanquished Creatures (others)
  3 gnoll zombies
  2 goblin zombies (Bailey)
  4 hobgoblin zombies (Bailey)
  6 orc zombies
15 creatures vanquished.

Grand Total: 176 creatures vanquished

Notes
Turn   | Place    | Note
-------+----------+-------------------------------------------
     0 | D:1      | zishaf the Human Necromancer began the quest for the Orb.
     0 | D:1      | Reached XP level 1. HP: 13/13 MP: 3/3
   265 | D:1      | Reached skill level 1 in Fighting
   265 | D:1      | Reached XP level 2. HP: 19/21 MP: 0/5
  1061 | D:2      | Reached XP level 3. HP: 25/26 MP: 2/6
  1186 | D:2      | Learned a level 3 spell: Vampiric Draining
  1919 | D:3      | Noticed Natasha
  1924 | D:3      | Killed Natasha
  1925 | D:3      | Reached XP level 4. HP: 33/33 MP: 0/7
  2113 | D:3      | Reached XP level 5. HP: 37/38 MP: 6/8
  2123 | D:3      | Reached skill level 5 in Necromancy
  2123 | D:3      | Reached skill level 1 in Evocations
  2136 | D:3      | Found a glowing drain.
  2140 | Sewer    | Entered a sewer
  2572 | Sewer    | Noticed a malarious merfolk avatar
  2578 | Sewer    | Killed a malarious merfolk avatar
  2579 | Sewer    | Reached XP level 6. HP: 46/46 MP: 8/10
  3361 | D:3      | Learned a level 4 spell: Animate Dead
  3507 | D:3      | Found a runed translucent door.
  3508 | D:3      | Noticed Crazy Yiuf
  3510 | D:3      | Noticed Natasha
  3752 | D:3      | Killed Crazy Yiuf
  3758 | D:3      | Killed Natasha
  4201 | D:3      | Noticed Natasha
  4207 | D:3      | Killed Natasha
  4419 | D:4      | Reached skill level 6 in Necromancy
  4515 | D:4      | Reached XP level 7. HP: 42/52 MP: 11/11
  5163 | D:4      | You are sucked into a shaft and drop 3 floors!
  5216 | D:7      | Reached XP level 8. HP: 56/60 MP: 12/12
  5222 | D:7      | Reached skill level 7 in Necromancy
  5237 | D:7      | Found a glowing silver altar of Zin.
  5265 | D:7      | Noticed a two-headed ogre
  5371 | D:7      | Found an opulent altar of Gozag.
  5381 | D:7      | Found a hazy altar of Hepliaklqana.
  5475 | D:7      | Found a flagged portal.
  5495 | Bailey   | Entered a bailey
  5620 | Bailey   | Gained mutation: Your mind is acute. (Int +4, Str/Dex -1)
                  | [potion of mutation]
  5725 | Bailey   | Reached skill level 8 in Necromancy
  5861 | Bailey   | Reached skill level 5 in Fighting
  6037 | Bailey   | Reached XP level 9. HP: 68/68 MP: 2/13
  6222 | Bailey   | Reached skill level 9 in Necromancy
  6360 | Bailey   | Acquired the +10 longbow of Jatyaguh {elec, Str+3 Int-2}
  6365 | Bailey   | Identified the ring "Kaxtar" {rC+ EV+4}
  6377 | Bailey   | Noticed an orc warlord
  6390 | Bailey   | Slain by an orc warrior

Illustrated notes

Levels and vault maps discovered:
D:1:      giann_horns, layout_loops_ring
D:2:      layout_loops_ring
D:3:      layout_loops_corners, lightli_sewer_entry_pipes,
          uniq_crazy_yiuf_cottage, uniq_natasha
D:4:      nicolae_cairo_tiling_large, layout_loops_corners
D:7:      layout_basic, grunt_gozag_statues,
          nicolae_hepliaklqana_monster_ancestors,
          mainiacjoe_overflow_small_starburst, enter_bailey_2
Bailey:   bailey_axe_minmay_hex_keep, bailey

Skill      XL: |  1  2  3  4  5  6  7  8  9 |
---------------+----------------------------+-----
Fighting       | 1 2 3 5 6 |  6.1
Necromancy     | 5 6 8 9 |  9.6
Evocations     | 1 2 3 4 |  4.0
Spellcasting   | 3 |  3.0
Dodging        | |  2.0
Stealth        | |  2.0

Action                   |  1- 3 |  4- 6 |  7- 9 || total
-------------------------+-------+-------+-------++-------
Melee: Short sword       |     9 |    53 |   145 ||   207
       Unarmed           |     6 |       |       ||     6
       Punch             |       |     1 |     2 ||     3
 Fire: Longbow           |       |       |     8 ||     8
 Cast: Necrotise         |    53 |    97 |    51 ||   201
       Vampiric Draining |     2 |    10 |    71 ||    83
       Animate Dead      |       |       |     5 ||     5
Evoke: Wand              |       |     3 |     5 ||     8
  Use: Scroll            |     1 |    11 |     7 ||    19
       Potion            |       |     1 |     4 ||     5
 Stab: Sleeping          |       |     1 |     1 ||     2
Armor: Robe              |     7 |    17 |    72 ||    96
Dodge: Dodged            |    24 |    51 |   138 ||   213

Table legend: (Time is in decaauts)
 A = Elapsed time spent in this place.
 B = Non-inter-level travel time spent in this place.
 C = Inter-level travel time spent in this place.
 D = Time resting spent in this place.
 E = Time spent auto-exploring this place.
 F = Levels seen in this place.
 G = Mean time per level.
                   A        B        C        D        E       F      G
               +--------+--------+--------+--------+--------+-----+--------+
         Total |   6694 |   6531 |    163 |    382 |   4657 |   7 |  956.3 |
       Dungeon |   5103 |   4940 |    163 |     64 |   3899 |   5 | 1020.6 |
         Sewer |    675 |    675 |      0 |    139 |    388 |   1 |  675.0 |
        Bailey |    916 |    916 |      0 |    179 |    368 |   1 |  916.0 |
               +--------+--------+--------+--------+--------+-----+--------+

Top non-repeatable levels by time:
     D:3: 1743 daAuts
     D:1: 1036 daAuts
     D:4: 1025 daAuts
     D:2: 965 daAuts
  Bailey: 916 daAuts
   Sewer: 675 daAuts
     D:7: 331 daAuts
